[ AOE2 MATCH · #482916412 ]
UnrankedPersians vs Turks
[ REPLAY ANALYSIS · EXTRACTED FROM THE RECORDED GAME ]
Feudal
11:08
Castle
17:29
Imperial
—
| APM avg | 33.0 |
| APM peak | 76 |
| eAPM avg | 12.3 |
| Villagers / military | 39 / 0 |
Focus
⚔️ 2.6% · 🌾 97.4%
Feudal
10:30
Castle
—
Imperial
—
| APM avg | 35.8 |
| APM peak | 74 |
| eAPM avg | 16.6 |
| Villagers / military | 69 / 17 |
Focus
⚔️ 18.4% · 🌾 81.6%
Battering Ram ×17
Feudal
—
Castle
—
Imperial
—
| APM avg | 18.4 |
| APM peak | 41 |
| eAPM avg | 12.5 |
| Villagers / military | 34 / 10 |
Focus
⚔️ 10.6% · 🌾 89.4%
Militia ×10
Feudal
—
Castle
—
Imperial
—
| APM avg | 23.7 |
| APM peak | 51 |
| eAPM avg | 11.4 |
| Villagers / military | 39 / 6 |
Focus
⚔️ 14.8% · 🌾 85.2%
Archer ×3 · Spearman ×3
Feudal
11:15
Castle
—
Imperial
—
| APM avg | 40.4 |
| APM peak | 74 |
| eAPM avg | 15.1 |
| Villagers / military | 45 / 16 |
Focus
⚔️ 19.3% · 🌾 80.7%
Militia ×10 · Spearman ×6
Feudal
10:51
Castle
14:12
Imperial
—
| APM avg | 31.3 |
| APM peak | 78 |
| eAPM avg | 14.8 |
| Villagers / military | 61 / 0 |
Focus
⚔️ 5.0% · 🌾 95.0%
Feudal
11:53
Castle
14:52
Imperial
—
| APM avg | 17.3 |
| APM peak | 38 |
| eAPM avg | 11.2 |
| Villagers / military | 67 / 0 |
Focus
⚔️ 6.8% · 🌾 93.2%
Feudal
11:55
Castle
15:27
Imperial
—
| APM avg | 14.1 |
| APM peak | 42 |
| eAPM avg | 9.5 |
| Villagers / military | 39 / 0 |
Focus
⚔️ 8.1% · 🌾 91.9%
Match map
Initial resources + every placement click. Lines = walls · curves = elevation contours. ◆ gold · ⬟ stone · ● berries · ✦ relic · ◌ wall gap
Your base· ✓ Closed at 17:29 · 0t walls · 2 gate(s)
El_Pairus's base· ✓ Closed at 12:00 · 0t walls · 2 gate(s)
UnleashHeck's base· ✓ Closed at 12:00 · 0t walls · 3 gate(s)
dfsdfsdaa3's base· ✓ Closed at 14:35 · 0t walls · 2 gate(s)
"$uckov"'s base· ✓ Closed at 12:00 · 0t walls · 2 gate(s)
Wendysocute's base· ✓ Closed at 14:12 · 0t walls · 3 gate(s)
Codiman's base· ✓ Closed at 14:52 · 0t walls · 3 gate(s)
好困啊's base· ✓ Closed at 15:27 · 0t walls · 2 gate(s)
Smoothed initial terrain · ◌ = detected wall gap · hover for details
Inputs per minute
— †Liz4ndr0† - - El_Pairus
Build order — †Liz4ndr0†
78 actions detected in the replay
| 0:03 | Create | Villager (Male) |
| 0:03 | Create | Villager (Male) |
| 0:05 | Build | House |
| 0:06 | Build | House |
| 0:42 | Create | Villager (Male) |
| 1:00 | Create | Villager (Male) |
| 1:35 | Create | Villager (Male) |
| 1:46 | Build | Lumber Camp |
| 1:51 | Create | Villager (Male) |
| 2:18 | Create | Villager (Male) |
| 2:47 | Create | Villager (Male) |
| 3:07 | Create | Villager (Male) |
| 3:28 | Create | Villager (Male) |
| 3:41 | Create | Villager (Male) |
| 3:48 | Build | House |
| 4:11 | Build | Mill |
| 4:13 | Create | Villager (Male) |
| 4:36 | Create | Villager (Male) |
| 5:12 | Create | Villager (Male) |
| 5:38 | Create | Villager (Male) |
| 5:54 | Build | House |
| 5:59 | Create | Villager (Male) |
| 6:33 | Create | Villager (Male) |
| 6:45 | Build | Farm |
| 6:49 | Create | Villager (Male) |
| 6:59 | Build | Farm |
| 7:26 | Create | Villager (Male) |
| 7:28 | Build | Farm |
| 7:39 | Create | Villager (Male) |
| 8:16 | Create | Villager (Male) |
| 8:31 | Build | Farm |
| 8:39 | Create | Villager (Male) |
| 8:57 | Research | Feudal Age |
| 9:11 | Build | Mining Camp |
| 10:04 | Build | House |
| 10:07 | Create | Villager (Male) |
| 10:49 | Build | Farm |
| 10:57 | Create | Villager (Male) |
| 11:08 | Age | Feudal Age |
| 11:10 | Research | Horse Collar |
| 11:12 | Research | Double-Bit Axe |
| 11:16 | Create | Villager (Male) |
| 11:41 | Build | Farm |
| 11:48 | Create | Villager (Male) |
| 11:54 | Build | Farm |
| 11:57 | Build | Farm |
| 12:30 | Build | Farm |
| 12:34 | Build | Farm |
| 12:38 | Create | Villager (Male) |
| 12:42 | Build | House |
| 12:59 | Build | Market |
| 13:02 | Create | Villager (Male) |
| 13:11 | Build | Farm |
| 13:25 | Create | Villager (Male) |
| 13:39 | Build | Farm |
| 13:55 | Create | Villager (Male) |
| 13:57 | Create | Villager (Male) |
| 14:26 | Build | Blacksmith |
| 14:27 | Create | Villager (Male) |
| 14:54 | Build | Mining Camp |
| 14:56 | Create | Villager (Male) |
| 15:00 | Research | Castle Age |
| 15:15 | Build | Mill |
| 15:52 | Build | Mining Camp |
| 17:09 | Build | House |
| 17:23 | Create | Villager (Male) |
| 17:29 | Age | Castle Age |
| 17:32 | Build | Farm |
| 17:32 | Build | Farm |
| 17:46 | Research | Bow Saw |
| 17:47 | Create | Villager (Male) |
| 18:15 | Create | Villager (Male) |
| 18:16 | Create | Villager (Male) |
| 18:27 | Build | Town Center |
| 18:30 | Create | Villager (Male) |
| 18:36 | Create | Villager (Male) |
| 18:49 | Build | House |
| 18:51 | Build | House |
Build order — El_Pairus
119 actions detected in the replay
| 0:05 | Build | House |
| 0:07 | Build | House |
| 0:08 | Create | Villager (Male) |
| 0:09 | Create | Villager (Male) |
| 0:09 | Create | Villager (Male) |
| 0:09 | Create | Villager (Male) |
| 0:09 | Create | Villager (Male) |
| 0:09 | Create | Villager (Male) |
| 1:43 | Create | Villager (Male) |
| 1:43 | Create | Villager (Male) |
| 1:44 | Create | Villager (Male) |
| 1:59 | Create | Villager (Male) |
| 2:00 | Create | Villager (Male) |
| 2:00 | Create | Villager (Male) |
| 2:40 | Create | Villager (Male) |
| 2:40 | Create | Villager (Male) |
| 2:49 | Build | Mill |
| 3:06 | Create | Villager (Male) |
| 3:06 | Create | Villager (Male) |
| 3:06 | Create | Villager (Male) |
| 3:06 | Create | Villager (Male) |
| 3:42 | Create | Villager (Male) |
| 3:42 | Create | Villager (Male) |
| 3:42 | Create | Villager (Male) |
| 4:01 | Build | House |
| 4:02 | Build | House |
| 4:26 | Create | Villager (Male) |
| 4:26 | Create | Villager (Male) |
| 4:26 | Create | Villager (Male) |
| 4:38 | Create | Villager (Male) |
| 4:38 | Create | Villager (Male) |
| 4:38 | Create | Villager (Male) |
| 4:38 | Create | Villager (Male) |
| 5:14 | Build | House |
| 5:29 | Create | Villager (Male) |
| 5:30 | Create | Villager (Male) |
| 5:30 | Create | Villager (Male) |
| 5:39 | Create | Villager (Male) |
| 5:40 | Create | Villager (Male) |
| 5:40 | Create | Villager (Male) |
| 6:07 | Create | Villager (Male) |
| 6:07 | Create | Villager (Male) |
| 6:07 | Create | Villager (Male) |
| 6:07 | Create | Villager (Male) |
| 6:35 | Create | Villager (Male) |
| 6:35 | Create | Villager (Male) |
| 6:35 | Create | Villager (Male) |
| 6:36 | Create | Villager (Male) |
| 7:06 | Build | Mining Camp |
| 7:23 | Research | Loom |
| 8:20 | Research | Feudal Age |
| 8:35 | Build | Lumber Camp |
| 10:30 | Age | Feudal Age |
| 10:51 | Build | Blacksmith |
| 11:05 | Create | Villager (Male) |
| 11:05 | Create | Villager (Male) |
| 11:05 | Create | Villager (Male) |
| 11:06 | Create | Villager (Male) |
| 11:06 | Create | Villager (Male) |
| 11:06 | Create | Villager (Male) |
| 11:06 | Create | Villager (Male) |
| 11:06 | Create | Villager (Male) |
| 11:07 | Create | Villager (Male) |
| 11:07 | Create | Villager (Male) |
| 11:07 | Create | Villager (Male) |
| 11:07 | Create | Villager (Male) |
| 11:33 | Build | Siege Workshop |
| 11:44 | Build | Siege Workshop |
| 11:51 | Build | Town Center |
| 12:21 | Build | Palisade Gate |
| 12:27 | Build | Palisade Gate |
| 12:33 | Build | Palisade Wall |
| 12:37 | Create | Battering Ram |
| 12:58 | Create | Villager (Male) |
| 12:58 | Create | Villager (Male) |
| 12:59 | Create | Villager (Male) |
| 13:03 | Build | House |
| 13:05 | Build | House |
| 13:23 | Build | Outpost |
| 13:25 | Build | Outpost |
| 13:42 | Create | Battering Ram |
| 13:44 | Create | Villager (Male) |
| 13:44 | Create | Villager (Male) |
| 14:00 | Research | Horse Collar |
| 14:03 | Create | Villager (Male) |
| 14:03 | Create | Villager (Male) |
| 14:03 | Create | Villager (Male) |
| 14:22 | Create | Villager (Male) |
| 14:22 | Create | Villager (Male) |
| 14:22 | Create | Villager (Male) |
| 14:42 | Build | House |
| 14:50 | Create | Battering Ram |
| 14:50 | Create | Battering Ram |
| 14:50 | Create | Battering Ram |
| 14:58 | Create | Villager (Male) |
| 14:58 | Create | Villager (Male) |
| 14:59 | Create | Villager (Male) |
| 14:59 | Create | Villager (Male) |
| 15:20 | Create | Battering Ram |
| 15:20 | Create | Battering Ram |
| 15:35 | Build | Farm |
| 16:03 | Create | Battering Ram |
| 16:13 | Build | Outpost |
| 16:27 | Build | Outpost |
| 16:32 | Create | Battering Ram |
| 16:33 | Create | Battering Ram |
| 16:59 | Create | Battering Ram |
| 16:59 | Create | Battering Ram |
| 17:20 | Create | Battering Ram |
| 17:21 | Create | Battering Ram |
| 17:38 | Build | Farm |
| 17:39 | Build | Farm |
| 17:39 | Build | Farm |
| 17:39 | Build | Farm |
| 17:54 | Build | Outpost |
| 18:21 | Build | Outpost |
| 19:04 | Create | Battering Ram |
| 19:04 | Create | Battering Ram |
| 19:05 | Create | Battering Ram |
Build order — UnleashHeck
78 actions detected in the replay
| 0:02 | Build | House |
| 0:03 | Create | Villager (Male) |
| 0:03 | Create | Villager (Male) |
| 0:05 | Build | House |
| 0:10 | Create | Villager (Male) |
| 0:10 | Create | Villager (Male) |
| 1:32 | Create | Villager (Male) |
| 1:40 | Research | Loom |
| 1:52 | Create | Villager (Male) |
| 1:56 | Build | Lumber Camp |
| 2:23 | Create | Villager (Male) |
| 2:24 | Create | Villager (Male) |
| 3:07 | Create | Villager (Male) |
| 3:07 | Create | Villager (Male) |
| 3:41 | Create | Villager (Male) |
| 3:56 | Build | House |
| 3:57 | Build | House |
| 4:12 | Create | Villager (Male) |
| 4:46 | Create | Villager (Male) |
| 5:09 | Build | Mill |
| 5:20 | Create | Villager (Male) |
| 5:21 | Create | Villager (Male) |
| 5:57 | Create | Villager (Male) |
| 5:58 | Create | Villager (Male) |
| 5:58 | Create | Villager (Male) |
| 6:25 | Build | Mill |
| 6:29 | Build | House |
| 6:37 | Create | Villager (Male) |
| 6:55 | Create | Villager (Male) |
| 7:21 | Create | Villager (Male) |
| 7:52 | Create | Villager (Male) |
| 8:34 | Build | Mining Camp |
| 8:39 | Research | Feudal Age |
| 9:17 | Build | Barracks |
| 9:24 | Create | Villager (Male) |
| 9:24 | Create | Villager (Male) |
| 10:33 | Create | Militia |
| 10:33 | Create | Militia |
| 10:33 | Create | Militia |
| 10:52 | Research | Double-Bit Axe |
| 11:02 | Research | Man-at-Arms (upgrade) |
| 11:34 | Create | Villager (Male) |
| 11:35 | Create | Villager (Male) |
| 11:45 | Build | Farm |
| 11:46 | Build | Farm |
| 11:47 | Build | Farm |
| 11:48 | Build | Farm |
| 12:18 | Build | Farm |
| 12:26 | Build | Blacksmith |
| 12:55 | Create | Villager (Male) |
| 12:55 | Create | Villager (Male) |
| 12:55 | Create | Villager (Male) |
| 13:01 | Build | Farm |
| 13:02 | Build | Farm |
| 13:05 | Build | House |
| 13:22 | Create | Militia |
| 13:22 | Create | Militia |
| 13:27 | Build | Farm |
| 14:04 | Build | Lumber Camp |
| 14:24 | Build | Stone Wall |
| 14:38 | Create | Villager (Male) |
| 14:38 | Create | Villager (Male) |
| 14:38 | Create | Villager (Male) |
| 14:41 | Create | Militia |
| 14:41 | Create | Militia |
| 14:47 | Build | Farm |
| 14:57 | Build | Archery Range |
| 15:09 | Build | Farm |
| 15:32 | Create | Militia |
| 15:56 | Build | Farm |
| 15:59 | Create | Villager (Male) |
| 16:40 | Build | Barracks |
| 16:54 | Create | Villager (Male) |
| 16:59 | Build | House |
| 17:17 | Create | Militia |
| 17:18 | Create | Militia |
| 17:20 | Build | House |
| 17:43 | Build | House |
Build order — dfsdfsdaa3
95 actions detected in the replay
| 0:04 | Create | Villager (Male) |
| 0:05 | Build | House |
| 0:07 | Build | House |
| 0:17 | Create | Villager (Male) |
| 0:18 | Create | Villager (Male) |
| 0:23 | Create | Villager (Male) |
| 0:24 | Create | Villager (Male) |
| 1:37 | Create | Villager (Male) |
| 1:37 | Create | Villager (Male) |
| 1:58 | Create | Villager (Male) |
| 1:58 | Create | Villager (Male) |
| 2:27 | Create | Villager (Male) |
| 2:33 | Build | Lumber Camp |
| 2:47 | Create | Villager (Male) |
| 2:47 | Create | Villager (Male) |
| 3:25 | Create | Villager (Male) |
| 3:30 | Build | House |
| 3:38 | Build | House |
| 3:40 | Create | Villager (Male) |
| 3:40 | Create | Villager (Male) |
| 4:16 | Create | Villager (Male) |
| 4:17 | Create | Villager (Male) |
| 4:53 | Create | Villager (Male) |
| 5:11 | Create | Villager (Male) |
| 5:52 | Create | Villager (Male) |
| 5:52 | Create | Villager (Male) |
| 5:53 | Create | Villager (Male) |
| 6:30 | Create | Villager (Male) |
| 6:46 | Build | Mill |
| 7:02 | Create | Villager (Male) |
| 7:38 | Create | Villager (Male) |
| 7:45 | Research | Feudal Age |
| 7:46 | Research | Feudal Age |
| 8:26 | Build | Mining Camp |
| 8:38 | Create | Villager (Male) |
| 9:11 | Create | Villager (Male) |
| 9:56 | Research | Double-Bit Axe |
| 10:02 | Build | House |
| 10:14 | Create | Villager (Male) |
| 10:23 | Research | Horse Collar |
| 10:25 | Build | Farm |
| 10:47 | Build | Farm |
| 11:03 | Build | Market |
| 11:09 | Create | Villager (Male) |
| 11:13 | Build | Farm |
| 11:27 | Build | Farm |
| 11:27 | Build | Farm |
| 11:27 | Build | Farm |
| 11:28 | Build | Farm |
| 11:29 | Build | Farm |
| 11:30 | Build | Farm |
| 11:49 | Build | Farm |
| 11:58 | Build | Farm |
| 12:05 | Build | Farm |
| 12:06 | Create | Villager (Male) |
| 12:28 | Create | Villager (Male) |
| 12:44 | Build | Blacksmith |
| 13:17 | Create | Villager (Male) |
| 13:36 | Build | Mill |
| 13:44 | Create | Villager (Male) |
| 13:46 | Create | Villager (Male) |
| 13:51 | Build | House |
| 14:02 | Research | Loom |
| 14:15 | Build | Farm |
| 14:35 | Research | Castle Age |
| 14:48 | Create | Villager (Male) |
| 16:14 | Build | Barracks |
| 16:27 | Create | Villager (Male) |
| 16:42 | Build | House |
| 16:44 | Build | House |
| 17:16 | Build | Archery Range |
| 17:27 | Create | Spearman |
| 17:27 | Create | Spearman |
| 17:27 | Create | Spearman |
| 17:45 | Build | Mining Camp |
| 17:46 | Create | Villager (Male) |
| 17:47 | Create | Villager (Male) |
| 17:59 | Create | Archer |
| 17:59 | Create | Archer |
| 17:59 | Create | Archer |
| 18:06 | Build | Watch Tower |
| 18:48 | Create | Villager (Male) |
| 18:48 | Research | Forging |
| 18:51 | Research | Scale Mail Armor |
| 18:52 | Research | Scale Barding Armor |
| 18:52 | Research | Padded Archer Armor |
| 18:52 | Research | Fletching |
| 18:56 | Research | Heavy Plow |
| 18:59 | Research | Gold Mining |
| 18:59 | Research | Stone Mining |
| 19:05 | Build | House |
| 19:06 | Build | House |
| 19:08 | Build | House |
| 19:08 | Build | House |
| 19:12 | Build | Monastery |
Build order — "$uckov"
96 actions detected in the replay
| 0:07 | Build | House |
| 0:08 | Build | House |
| 0:10 | Build | House |
| 0:11 | Create | Villager (Male) |
| 0:11 | Create | Villager (Male) |
| 0:11 | Create | Villager (Male) |
| 0:12 | Create | Villager (Male) |
| 0:12 | Create | Villager (Male) |
| 1:39 | Create | Villager (Male) |
| 1:39 | Create | Villager (Male) |
| 1:39 | Create | Villager (Male) |
| 2:01 | Build | Lumber Camp |
| 2:05 | Create | Villager (Male) |
| 2:05 | Create | Villager (Male) |
| 2:05 | Create | Villager (Male) |
| 2:33 | Create | Villager (Male) |
| 2:33 | Create | Villager (Male) |
| 3:04 | Create | Villager (Male) |
| 3:04 | Create | Villager (Male) |
| 3:05 | Create | Villager (Male) |
| 3:07 | Create | Villager (Male) |
| 3:07 | Create | Villager (Male) |
| 3:08 | Create | Villager (Male) |
| 4:08 | Build | Mill |
| 4:09 | Create | Villager (Male) |
| 4:09 | Create | Villager (Male) |
| 4:10 | Create | Villager (Male) |
| 4:10 | Create | Villager (Male) |
| 4:31 | Create | Villager (Male) |
| 4:32 | Create | Villager (Male) |
| 4:51 | Build | House |
| 5:08 | Create | Villager (Male) |
| 5:53 | Create | Villager (Male) |
| 6:15 | Create | Villager (Male) |
| 6:43 | Build | Mining Camp |
| 6:45 | Create | Villager (Male) |
| 6:50 | Build | Mill |
| 7:05 | Create | Villager (Male) |
| 7:47 | Create | Villager (Male) |
| 7:55 | Build | House |
| 7:56 | Build | House |
| 7:59 | Build | House |
| 8:13 | Create | Villager (Male) |
| 8:39 | Create | Villager (Male) |
| 8:46 | Research | Feudal Age |
| 8:47 | Research | Feudal Age |
| 9:29 | Build | Barracks |
| 9:47 | Create | Villager (Male) |
| 10:06 | Create | Villager (Male) |
| 10:24 | Create | Militia ×5 |
| 10:26 | Build | House |
| 10:27 | Build | House |
| 10:29 | Build | House |
| 11:15 | Age | Feudal Age |
| 11:51 | Build | Farm |
| 11:55 | Create | Villager (Male) |
| 12:06 | Create | Spearman |
| 12:06 | Create | Militia |
| 12:11 | Build | Blacksmith |
| 12:44 | Create | Villager (Male) |
| 12:49 | Build | House |
| 12:55 | Create | Militia ×4 |
| 12:55 | Create | Spearman ×5 |
| 13:09 | Create | Villager (Male) |
| 13:12 | Build | Farm |
| 13:32 | Create | Villager (Male) |
| 13:39 | Build | Farm |
| 13:49 | Research | Forging |
| 13:51 | Research | Scale Mail Armor |
| 13:58 | Build | Lumber Camp |
| 14:09 | Build | Farm |
| 15:00 | Build | House |
| 15:38 | Build | Farm |
| 15:39 | Build | Farm |
| 15:40 | Build | Farm |
| 15:42 | Build | Farm |
| 15:44 | Build | Farm |
| 16:05 | Build | Farm |
| 16:07 | Create | Villager (Male) |
| 16:44 | Build | Farm |
| 16:45 | Create | Villager (Male) |
| 16:46 | Create | Villager (Male) |
| 17:12 | Build | Barracks |
| 17:35 | Build | Farm |
| 17:36 | Create | Villager (Male) |
| 17:40 | Build | Farm |
| 17:41 | Research | Horse Collar |
| 17:41 | Research | Horse Collar |
| 17:42 | Research | Double-Bit Axe |
| 17:42 | Research | Double-Bit Axe |
| 18:15 | Build | Farm |
| 18:17 | Create | Villager (Male) |
| 18:24 | Build | House |
| 18:40 | Research | Loom |
| 18:46 | Build | Farm |
| 19:11 | Create | Villager (Male) |
Build order — Wendysocute
119 actions detected in the replay
| 0:01 | Create | Villager (Male) |
| 0:02 | Create | Villager (Male) |
| 0:02 | Create | Villager (Male) |
| 0:03 | Build | House |
| 0:05 | Build | House |
| 0:19 | Create | Villager (Male) |
| 0:19 | Create | Villager (Male) |
| 0:19 | Create | Villager (Male) |
| 1:34 | Create | Villager (Male) |
| 2:01 | Create | Villager (Male) |
| 2:01 | Create | Villager (Male) |
| 2:04 | Build | Lumber Camp |
| 2:25 | Create | Villager (Male) |
| 2:26 | Create | Villager (Male) |
| 2:59 | Create | Villager (Male) |
| 2:59 | Create | Villager (Male) |
| 3:00 | Create | Villager (Male) |
| 3:37 | Create | Villager (Male) |
| 3:38 | Create | Villager (Male) |
| 3:42 | Build | House |
| 3:43 | Build | House |
| 4:04 | Create | Villager (Male) |
| 4:05 | Create | Villager (Male) |
| 4:26 | Build | House |
| 4:32 | Build | Mill |
| 4:43 | Create | Villager (Male) |
| 4:43 | Create | Villager (Male) |
| 5:00 | Create | Villager (Male) |
| 5:09 | Build | House |
| 5:37 | Create | Villager (Male) |
| 5:38 | Create | Villager (Male) |
| 5:38 | Create | Villager (Male) |
| 6:10 | Build | Mining Camp |
| 6:26 | Create | Villager (Male) |
| 7:02 | Create | Villager (Male) |
| 7:02 | Create | Villager (Male) |
| 7:13 | Create | Villager (Male) |
| 7:51 | Build | Mill |
| 7:57 | Create | Villager (Male) |
| 8:42 | Research | Feudal Age |
| 8:42 | Research | Feudal Age |
| 8:44 | Create | Villager (Male) |
| 8:44 | Create | Villager (Male) |
| 10:51 | Age | Feudal Age |
| 10:56 | Build | Market |
| 10:58 | Build | Blacksmith |
| 11:03 | Create | Villager (Male) |
| 11:47 | Research | Castle Age |
| 11:47 | Research | Castle Age |
| 11:52 | Research | Double-Bit Axe |
| 11:52 | Research | Double-Bit Axe |
| 11:54 | Research | Horse Collar |
| 11:54 | Research | Horse Collar |
| 12:51 | Build | Farm |
| 12:52 | Build | Farm |
| 12:58 | Create | Villager (Male) |
| 12:59 | Create | Villager (Male) |
| 13:00 | Create | Villager (Male) |
| 13:09 | Build | Farm |
| 13:10 | Build | Farm |
| 14:12 | Age | Castle Age |
| 14:16 | Build | Town Center |
| 14:30 | Build | Town Center |
| 14:49 | Build | Farm |
| 14:56 | Build | Farm |
| 15:02 | Create | Villager (Male) |
| 15:14 | Build | Farm |
| 15:20 | Build | Farm |
| 15:21 | Create | Villager (Male) |
| 15:31 | Build | Farm |
| 15:33 | Create | Villager (Male) |
| 15:46 | Build | House |
| 15:47 | Build | House |
| 15:52 | Build | House |
| 15:53 | Build | House |
| 15:53 | Create | Villager (Male) |
| 15:56 | Create | Villager (Male) |
| 16:01 | Create | Villager (Male) |
| 16:02 | Create | Villager (Male) |
| 16:04 | Create | Villager (Male) |
| 16:07 | Build | Farm |
| 16:11 | Build | Farm |
| 16:12 | Create | Villager (Male) |
| 16:29 | Build | Farm |
| 16:32 | Build | Farm |
| 16:32 | Create | Villager (Male) |
| 16:38 | Build | Farm |
| 16:41 | Create | Villager (Male) |
| 17:00 | Build | Farm |
| 17:01 | Build | Farm |
| 17:05 | Build | Farm |
| 17:05 | Create | Villager (Male) |
| 17:08 | Create | Villager (Male) |
| 17:10 | Build | Farm |
| 17:19 | Create | Villager (Male) |
| 17:24 | Build | House |
| 17:27 | Build | House |
| 17:28 | Build | House |
| 17:30 | Build | House |
| 17:31 | Build | House |
| 17:33 | Create | Villager (Male) |
| 17:33 | Create | Villager (Male) |
| 17:39 | Create | Villager (Male) |
| 17:40 | Create | Villager (Male) |
| 17:45 | Build | Farm |
| 17:53 | Build | Farm |
| 17:54 | Create | Villager (Male) |
| 17:57 | Create | Villager (Male) |
| 17:58 | Create | Villager (Male) |
| 18:11 | Build | Farm |
| 18:12 | Create | Villager (Male) |
| 18:22 | Create | Villager (Male) |
| 18:23 | Create | Villager (Male) |
| 18:28 | Build | Farm |
| 18:31 | Build | Farm |
| 18:35 | Build | Farm |
| 18:37 | Create | Villager (Male) |
| 18:38 | Create | Villager (Male) |
| 18:41 | Build | Farm |
Build order — Codiman
123 actions detected in the replay
| 0:04 | Create | Villager (Male) |
| 0:04 | Create | Villager (Male) |
| 0:04 | Create | Villager (Male) |
| 0:04 | Create | Villager (Male) |
| 0:06 | Build | House |
| 0:07 | Build | House |
| 1:34 | Create | Villager (Male) |
| 1:34 | Create | Villager (Male) |
| 1:34 | Create | Villager (Male) |
| 1:51 | Create | Villager (Male) |
| 1:52 | Create | Villager (Male) |
| 2:04 | Build | Mill |
| 2:23 | Create | Villager (Male) |
| 2:23 | Create | Villager (Male) |
| 2:23 | Create | Villager (Male) |
| 3:04 | Create | Villager (Male) |
| 3:04 | Create | Villager (Male) |
| 3:04 | Create | Villager (Male) |
| 3:12 | Build | House |
| 3:14 | Build | House |
| 3:15 | Create | Villager (Male) |
| 3:16 | Create | Villager (Male) |
| 3:44 | Create | Villager (Male) |
| 3:44 | Create | Villager (Male) |
| 3:45 | Create | Villager (Male) |
| 4:12 | Create | Villager (Male) |
| 4:12 | Create | Villager (Male) |
| 4:24 | Create | Villager (Male) |
| 4:25 | Create | Villager (Male) |
| 4:25 | Create | Villager (Male) |
| 5:02 | Create | Villager (Male) |
| 5:03 | Create | Villager (Male) |
| 5:03 | Create | Villager (Male) |
| 5:03 | Create | Villager (Male) |
| 5:15 | Create | Villager (Male) |
| 5:15 | Create | Villager (Male) |
| 5:24 | Create | Villager (Male) |
| 5:25 | Create | Villager (Male) |
| 5:43 | Create | Villager (Male) |
| 6:06 | Build | Lumber Camp |
| 7:07 | Create | Villager (Male) |
| 7:07 | Create | Villager (Male) |
| 7:22 | Build | Farm |
| 7:53 | Create | Villager (Male) |
| 8:13 | Build | Farm |
| 8:27 | Build | Farm |
| 8:43 | Create | Villager (Male) |
| 8:44 | Research | Feudal Age |
| 8:51 | Build | Mining Camp |
| 9:24 | Create | Villager (Male) |
| 9:54 | Build | Farm |
| 10:15 | Build | Lumber Camp |
| 11:07 | Build | Mining Camp |
| 11:11 | Create | Villager (Male) |
| 11:19 | Create | Villager (Male) |
| 11:53 | Age | Feudal Age |
| 12:12 | Research | Castle Age |
| 12:12 | Research | Castle Age |
| 12:18 | Build | House |
| 12:21 | Build | House |
| 12:50 | Create | Villager (Male) |
| 13:05 | Build | Outpost |
| 13:07 | Build | House |
| 13:34 | Build | Farm |
| 13:34 | Build | Farm |
| 13:35 | Build | Farm |
| 13:35 | Build | Farm |
| 13:35 | Build | Farm |
| 13:38 | Build | Farm |
| 13:47 | Build | House |
| 14:27 | Build | Outpost |
| 14:33 | Research | Double-Bit Axe |
| 14:47 | Research | Horse Collar |
| 14:52 | Age | Castle Age |
| 14:59 | Build | Town Center |
| 15:01 | Create | Villager (Male) |
| 15:16 | Research | Town Watch |
| 15:18 | Research | Loom |
| 15:20 | Create | Villager (Male) |
| 15:29 | Build | House |
| 15:32 | Create | Villager (Male) |
| 15:53 | Create | Villager (Male) |
| 16:08 | Build | Outpost |
| 16:10 | Create | Villager (Male) |
| 16:11 | Create | Villager (Male) |
| 16:17 | Create | Villager (Male) |
| 16:18 | Create | Villager (Male) |
| 16:39 | Create | Villager (Male) |
| 16:39 | Create | Villager (Male) |
| 16:52 | Build | Farm |
| 16:52 | Build | Farm |
| 16:53 | Build | Farm |
| 16:53 | Build | Farm |
| 16:53 | Build | Farm |
| 16:54 | Build | Farm |
| 17:09 | Create | Villager (Male) |
| 17:10 | Create | Villager (Male) |
| 17:15 | Build | House |
| 17:23 | Create | Villager (Male) |
| 17:30 | Build | Outpost |
| 17:42 | Create | Villager (Male) |
| 17:42 | Create | Villager (Male) |
| 17:48 | Create | Villager (Male) |
| 17:49 | Create | Villager (Male) |
| 18:10 | Create | Villager (Male) |
| 18:10 | Create | Villager (Male) |
| 18:16 | Create | Villager (Male) |
| 18:28 | Build | Farm |
| 18:29 | Build | Farm |
| 18:29 | Build | Farm |
| 18:29 | Build | Farm |
| 18:29 | Build | Farm |
| 18:29 | Build | Farm |
| 18:30 | Build | Farm |
| 18:30 | Build | Farm |
| 18:30 | Build | Farm |
| 18:30 | Build | Farm |
| 18:31 | Build | Farm |
| 18:38 | Create | Villager (Male) |
| 18:38 | Create | Villager (Male) |
| 18:38 | Create | Villager (Male) |
| 18:38 | Create | Villager (Male) |
| 19:19 | Create | Villager (Male) |
Build order — 好困啊
75 actions detected in the replay
| 0:03 | Create | Villager (Male) |
| 0:06 | Build | House |
| 0:07 | Build | House |
| 0:10 | Create | Villager (Male) |
| 0:22 | Create | Villager (Male) |
| 0:23 | Create | Villager (Male) |
| 0:23 | Create | Villager (Male) |
| 1:30 | Create | Villager (Male) |
| 1:30 | Create | Villager (Male) |
| 1:48 | Build | Lumber Camp |
| 1:50 | Create | Villager (Male) |
| 1:50 | Create | Villager (Male) |
| 2:25 | Create | Villager (Male) |
| 2:25 | Create | Villager (Male) |
| 2:25 | Create | Villager (Male) |
| 2:56 | Create | Villager (Male) |
| 3:12 | Create | Villager (Male) |
| 3:37 | Build | Mining Camp |
| 3:39 | Create | Villager (Male) |
| 3:54 | Build | House |
| 4:10 | Create | Villager (Male) |
| 4:19 | Build | House |
| 4:37 | Create | Villager (Male) |
| 4:48 | Create | Villager (Male) |
| 5:16 | Create | Villager (Male) |
| 5:44 | Create | Villager (Male) |
| 5:44 | Create | Villager (Male) |
| 6:13 | Build | Mill |
| 6:16 | Create | Villager (Male) |
| 6:34 | Create | Villager (Male) |
| 7:02 | Create | Villager (Male) |
| 7:12 | Create | Villager (Male) |
| 7:55 | Create | Villager (Male) |
| 8:18 | Create | Villager (Male) |
| 8:27 | Build | Mining Camp |
| 8:32 | Build | House |
| 8:41 | Create | Villager (Male) |
| 9:15 | Build | House |
| 9:20 | Create | Villager (Male) |
| 9:22 | Research | Feudal Age |
| 9:51 | Build | Farm |
| 10:13 | Build | Mill |
| 10:48 | Build | Farm |
| 11:10 | Create | Villager (Male) |
| 11:55 | Age | Feudal Age |
| 11:58 | Build | Market |
| 12:05 | Build | Blacksmith |
| 12:09 | Create | Villager (Male) |
| 12:23 | Build | Farm |
| 12:47 | Research | Castle Age |
| 12:48 | Research | Castle Age |
| 12:57 | Research | Double-Bit Axe |
| 13:11 | Research | Horse Collar |
| 13:11 | Research | Horse Collar |
| 13:33 | Build | Farm |
| 14:59 | Build | Farm |
| 15:00 | Build | Farm |
| 15:01 | Build | Farm |
| 15:25 | Build | Farm |
| 15:26 | Build | Farm |
| 15:27 | Age | Castle Age |
| 15:28 | Build | Farm |
| 15:31 | Create | Villager (Male) |
| 15:44 | Create | Villager (Male) |
| 15:54 | Build | Castle |
| 16:07 | Create | Villager (Male) |
| 16:23 | Build | Farm |
| 16:35 | Create | Villager (Male) |
| 16:58 | Create | Villager (Male) |
| 17:15 | Build | Farm |
| 17:19 | Create | Villager (Male) |
| 17:25 | Build | House |
| 17:27 | Build | House |
| 17:46 | Create | Villager (Male) |
| 18:27 | Create | Villager (Male) |
Match timeline
| 9:17 | UnleashHeck · first_building Barracks |
| 9:29 | "$uckov" · first_building Barracks |
| 10:30 | El_Pairus · age_up feudal |
| 10:51 | Wendysocute · age_up feudal |
| 11:08 | †Liz4ndr0† · age_up feudal |
| 11:15 | "$uckov" · age_up feudal |
| 11:33 | El_Pairus · first_building Siege Workshop |
| 11:53 | Codiman · age_up feudal |
| 11:55 | 好困啊 · age_up feudal |
| 12:33 | El_Pairus · wall_segment Palisade Wall x1 |
| 14:12 | Wendysocute · age_up castle |
| 14:24 | UnleashHeck · wall_segment Stone Wall x1 |
| 14:52 | Codiman · age_up castle |
| 14:57 | UnleashHeck · first_building Archery Range |
| 15:27 | 好困啊 · age_up castle |
| 15:54 | 好困啊 · first_building Castle |
| 16:14 | dfsdfsdaa3 · first_building Barracks |
| 17:16 | dfsdfsdaa3 · first_building Archery Range |
| 17:29 | †Liz4ndr0† · age_up castle |
| 17:43 | †Liz4ndr0† · first_market_buy 100 wood |
| 18:06 | UnleashHeck · resign |
| 19:12 | dfsdfsdaa3 · first_building Monastery |
[ AI ANALYSIS · 1 CREDIT ]
What really happened in this match?
Wolo.gg analyzes every decision: build order, eco, micro, common mistakes by bracket. Personalized analysis on WhatsApp or Discord in 30 seconds.
Civ guide
Persians
Perfil
Jugador #24252228